 Dungeon Crawl Stone Soup version 0.29.1-12-g30fa7ad0bf (webtiles) character file.

Game seed: 14297078004084796885

715 wormed the Covert (level 7, -6/60 HPs)
             Began as a Gnoll Delver on Dec 21, 2022.
             Was a Follower of Okawaru.
             Mangled by a hornet simulacrum (7 damage)
             ... on level 5 of the Dungeon.
             The game lasted 00:14:29 (6536 turns).

wormed the Covert (Gnoll Delver)                    Turns: 6536, Time: 00:14:31

Health: -6/60      AC:  6    Str: 11    XL:     7   Next: 69%
Magic:  12/12      EV: 13    Int: 11    God:    Okawaru [*.....]
Gold:   291        SH:  0    Dex: 14    Spells: 11/11 levels left

rFire   + . .      SeeInvis .   v - +2 dagger (drain)
rCold   . . .      Faith    .   (no shield)
rNeg    + . .      Spirit   .   l - +1 leather armour {rF+}
rPois   .          Reflect  .   (no helmet)
rElec   .          Harm     .   (no cloak)
rCorr   .          Rampage  .   (no gloves)
Will    .....                   o - +1 pair of boots
Stlth   ++++......              b - amulet of magic regeneration
HPRegen 0.20/turn               n - ring of positive energy
MPRegen 0.53/turn               (no ring)

@: hasted, very quick
A: fangs 1, strong nose, distributed training, high MP 1
a: Renounce Religion, Heroism


You were on level 5 of the Dungeon.
You worshipped Okawaru.
Okawaru was aware of your devotion.
You visited 1 branch of the dungeon, and saw 5 of its levels.

You collected 291 gold pieces.

Inventory:

Hand Weapons
 v - a +2 dagger of draining (weapon)
Armour
 l - a +1 leather armour of fire resistance (worn)
 o - a +1 pair of boots (worn)
Magical Staves
 e - a staff of cold
Jewellery
 b - an amulet of magic regeneration (around neck)
 m - a ring of positive energy
 n - a ring of positive energy (left hand)
Wands
 g - a wand of digging (3)
Scrolls
 a - 2 scrolls of vulnerability {unknown}
 c - a scroll of fog (quivered)
 f - a scroll of noise {unknown}
 h - 3 scrolls of magic mapping
 i - a scroll of amnesia {unknown}
 k - a scroll of identify
 q - a scroll of silence {unknown}
 s - 4 scrolls of enchant armour
 w - a scroll of poison {unknown}
 x - a scroll of summoning {unknown}
Potions
 d - a potion of ambrosia
 j - 3 potions of resistance
 r - 2 potions of attraction
 t - 2 potions of degeneration {unknown}


   Skills:
 + Level 7.1 Fighting
 + Level 5.4 Short Blades
 + Level 2.7 Long Blades
 + Level 2.7 Axes
 + Level 2.7 Maces & Flails
 + Level 2.7 Polearms
 + Level 2.7 Staves
 + Level 2.7 Ranged Weapons
 + Level 2.7 Throwing
 + Level 2.7 Armour
 + Level 5.4 Dodging
 + Level 10.0 Stealth
 + Level 2.7 Shields
 + Level 2.7 Unarmed Combat
 + Level 2.7 Spellcasting
 + Level 2.2 Conjurations
 + Level 2.2 Hexes
 + Level 2.2 Summonings
 + Level 2.2 Necromancy
 + Level 2.2 Translocations
 + Level 2.2 Transmutations
 + Level 2.2 Fire Magic
 + Level 2.2 Ice Magic
 + Level 2.2 Air Magic
 + Level 2.2 Earth Magic
 + Level 2.2 Poison Magic
 + Level 3.0 Invocations
 + Level 2.7 Evocations


You had 11 spell levels left.
You didn't know any spells.
Your spell library contained the following spells:

 Spells                   Type           Power      Damage    Failure   Level
 Beastly Appendage        Tmut           12%        N/A       14%         1
 Sandblast                Erth           12%        2d6       14%         1
 Blink                    Tloc           12%        N/A       21%         2
 Passwall                 Tmut/Erth      5%         N/A       21%         2
 Wereblood                Tmut           6%         N/A       21%         2
 Frozen Ramparts          Ice            12%        1d2       38%         3
 Inner Flame              Hex/Fire       6%         N/A       38%         3
 Lesser Beckoning         Tloc           6%         N/A       38%         3
 Spider Form              Tmut/Pois      6%         N/A       38%         3
 Stone Arrow              Conj/Erth      12%        3d7       38%         3
 Teleport Other           Tloc           6%         N/A       38%         3
 Cause Fear               Hex            3%         N/A       80%         4
 Corpse Rot               Necr/Pois/Air  6%         N/A       80%         4
 Ice Form                 Ice/Tmut       6%         N/A       80%         4
 Eringya's Noxious Bog    Tmut/Pois      3%         N/A       100%        6
 Discord                  Hex            3%         N/A       100%        8
 Summon Small Mammal      Summ           Unusable   N/A       N/A         1
 Call Canine Familiar     Summ           Unusable   N/A       N/A         3
 Summon Guardian Golem    Hex/Summ       Unusable   N/A       N/A         3
 Summon Ice Beast         Ice/Summ       Unusable   N/A       N/A         4

Dungeon Overview and Level Annotations

Branches:
Dungeon (5/15)
 Temple: D:4-7

Altars:
Elyvilon
Kikubaaqudgha
Nemelex Xobeh
Okawaru
Ru
Uskayaw

Annotations:
D:4 cowcol's ghost, amateur DrBe
D:5 gdog's ghost, weakling GnDe


Innate Abilities, Weirdness & Mutations

You have very sharp teeth.
Your uncanny sense of smell can sniff out nearby items.
Your experience applies equally to all skills.
You have an increased reservoir of magic. (+10% MP)


Message History

You hit the centaur simulacrum.
The centaur simulacrum vaporises!
Okawaru accepts your kill. The killer bee simulacrum hits you.
The killer bee simulacrum freezes you!
You barely miss the killer bee simulacrum.
The killer bee simulacrum barely misses you.
Gdog's ghost whispers, "The ORB doesn't exist."
You hit the killer bee simulacrum.
The killer bee simulacrum is lightly damaged.
The killer bee simulacrum hits you. The killer bee simulacrum freezes you.
The killer bee simulacrum hits you.
* * * LOW HITPOINT WARNING * * *
The killer bee simulacrum freezes you.
* * * LOW HITPOINT WARNING * * *
You closely miss the killer bee simulacrum.
Your bite misses the killer bee simulacrum.
The killer bee simulacrum is lightly damaged.
The killer bee simulacrum hits you but does no damage.
You barely miss gdog's ghost.
The killer bee simulacrum closely misses you.
Gdog's ghost barely misses you.
You hit gdog's ghost.
You bite gdog's ghost, but do no damage.
Gdog's ghost is moderately damaged.
The killer bee simulacrum closely misses you.
The killer bee simulacrum completely misses you.
You hit gdog's ghost.
Gdog's ghost is moderately damaged.
Gdog's ghost hits you.
* * * LOW HITPOINT WARNING * * *
The killer bee simulacrum barely misses you.
The hornet simulacrum misses you.
You feel yourself speed up.
The killer bee simulacrum closely misses you.
Gdog's ghost hits you!
* * * LOW HITPOINT WARNING * * *
The hornet simulacrum hits you.
* * * LOW HITPOINT WARNING * * *
The hornet simulacrum freezes you!
You die...

##)#..#*,..W..#Z.##......).....#
#)#..#,ZZZ...#Z.#.............#
#.#..#*..Z..##..#...........###
#.##..##=!###...#......######
#).#...####....##......#
##.##........).#.......#
#..#.......Z.##.......#
##.##.....W.##..#.#####
#..###'''###W@##.#
##..........Z#Z..#
###...........### #############


You could see gdog's ghost, a killer bee simulacrum and a hornet simulacrum.

Vanquished Creatures
  2 centaurs (D:5)
  A phantom (D:4)
  2 scorpions (D:5)
  A jelly (D:4)
  An orc priest (D:5)
  A gnoll bouda (D:5)
  2 orc wizards
  A centaur simulacrum (D:5)
  6 gnolls (D:5)
  2 adders
  2 worms
  2 dart slugs
  20 orcs
  7 endoplasms
  2 giant cockroaches (D:3)
  9 hobgoblins
  2 jackals (D:3)
  8 kobolds
  4 quokkas
  5 ball pythons
  5 bats
  16 goblins
  6 rats
  A spectral kobold (D:1)
108 creatures vanquished.

Notes
Turn   | Place    | Note
-------+----------+-------------------------------------------
     0 | D:5      | Reached skill level 9 in Stealth
     0 | D:5      | wormed the Gnoll Delver began the quest for the Orb.
     0 | D:5      | Reached XP level 1. HP: 23/23 MP: 1/1
    20 | D:5      | Noticed an orc wizard
   106 | D:3      | Noticed an orc wizard
   148 | D:3      | Found an ancient bone altar of Kikubaaqudgha.
   179 | D:2      | Reached XP level 2. HP: 24/26 MP: 2/2
   717 | D:1      | Reached XP level 3. HP: 35/35 MP: 3/3
   723 | D:1      | Found a faded altar of an unknown god.
   828 | D:1      | Reached skill level 1 in Invocations
  1430 | D:2      | Reached skill level 1 in Long Blades
  1430 | D:2      | Reached skill level 1 in Axes
  1430 | D:2      | Reached skill level 1 in Maces & Flails
  1430 | D:2      | Reached skill level 1 in Polearms
  1430 | D:2      | Reached skill level 1 in Staves
  1430 | D:2      | Reached skill level 1 in Ranged Weapons
  1430 | D:2      | Reached skill level 1 in Throwing
  1430 | D:2      | Reached skill level 1 in Armour
  1430 | D:2      | Reached skill level 1 in Shields
  1430 | D:2      | Reached skill level 1 in Unarmed Combat
  1430 | D:2      | Reached skill level 1 in Spellcasting
  1430 | D:2      | Reached skill level 1 in Evocations
  1557 | D:2      | Got the Compilation of Wanderlust and the Snake
  1675 | D:2      | Reached XP level 4. HP: 40/41 MP: 5/5
  2412 | D:3      | Reached skill level 1 in Conjurations
  2412 | D:3      | Reached skill level 1 in Hexes
  2412 | D:3      | Reached skill level 1 in Summonings
  2412 | D:3      | Reached skill level 1 in Necromancy
  2412 | D:3      | Reached skill level 1 in Translocations
  2412 | D:3      | Reached skill level 1 in Transmutations
  2412 | D:3      | Reached skill level 1 in Fire Magic
  2412 | D:3      | Reached skill level 1 in Ice Magic
  2412 | D:3      | Reached skill level 1 in Air Magic
  2412 | D:3      | Reached skill level 1 in Earth Magic
  2412 | D:3      | Reached skill level 1 in Poison Magic
  3145 | D:3      | Reached XP level 5. HP: 44/47 MP: 7/7
  3166 | D:3      | Found an iron altar of Okawaru.
  3401 | D:3      | Became a worshipper of Warmaster Okawaru
  3723 | D:4      | Noticed a phantom
  3758 | D:4      | Killed a phantom
  3759 | D:4      | Reached XP level 6. HP: 11/53 MP: 8/8
  4013 | D:4      | Gained mutation: You have an increased reservoir of magic.
                  | (+10% MP) [potion of mutation]
  4072 | D:4      | Found a sacrificial altar of Ru.
  4176 | D:4      | Found a large runed translucent door.
  4176 | D:4      | Found a large runed translucent door.
  4477 | D:4      | Noticed cowcol's ghost (amateur DrBe)
  4902 | D:5      | Reached skill level 5 in Short Blades
  4902 | D:5      | Reached skill level 5 in Dodging
  4924 | D:5      | Found a runed translucent gate.
  4924 | D:5      | Found a runed translucent gate.
  4924 | D:5      | Found a runed translucent gate.
  5001 | D:5      | Reached XP level 7. HP: 43/60 MP: 11/11
  5462 | D:5      | Found a white marble altar of Elyvilon.
  5465 | D:5      | Found a sparkling altar of Nemelex Xobeh.
  5485 | D:5      | HP: 2/60 [gnoll/+0 halberd[a gnoll bouda] (8)]
  5815 | D:5      | Found a hide-covered altar of Uskayaw.
  5918 | D:5      | Reached * piety under Okawaru
  5919 | D:5      | Reached skill level 10 in Stealth
  6495 | D:5      | Noticed gdog's ghost (weakling GnDe)
  6536 | D:5      | HP: 3/60 [gdog's ghost (9)]
  6536 | D:5      | HP: 1/60 [hornet simulacrum (2)]
  6536 | D:5      | Mangled by a hornet simulacrum

Illustrated notes

Levels and vault maps discovered:
D:1:      lightli_arrival_lavapool, layout_basic,
          dreamdust_ecumenical_altar_drowned_temple
D:2:      kennysheep_the_goblin_king, layout_rooms,
          chequers_serial_rivers_large_a
D:3:      layout_loops_ring, lemuel_tele_altar, pf_just_have_faith,
          grunt_decor_arrowhead, amcnicky_mini_rare_corridor_liquid,
          grunt_ministairs_2, minmay_crystal_room
D:4:      layout_rooms, nicolae_ru_the_path_less_chosen,
          ebering_ghost_disaster_area, kennysheep_pointless_box,
          minmay_misc_feat_ornament, reono_crystal_passage
D:5:      layout_basic, nemelex_diamond_rough_becter, overflow_temple_1_default,
          mainiacjoe_overflow_surrounded_room, gammafunk_ghost_icy,
          minmay_misc_feat_diagonals, hangedman_decor_points,
          serial_bayou_pond_d

Skill      XL: |  1  2  3  4  5  6  7 |
---------------+----------------------+-----
Stealth        | 10 | 10.0
Invocations    | 1 2 3 |  3.0
Long Blades    | 1 2 |  2.7
Axes           | 1 2 |  2.7
Maces & Flails | 1 2 |  2.7
Polearms       | 1 2 |  2.7
Staves         | 1 2 |  2.7
Ranged Weapons | 1 2 |  2.7
Throwing       | 1 2 |  2.7
Armour         | 1 2 |  2.7
Shields        | 1 2 |  2.7
Unarmed Combat | 1 2 |  2.7
Spellcasting   | 1 2 |  2.7
Evocations     | 1 2 |  2.7
Conjurations   | 1 2 |  2.2
Hexes          | 1 2 |  2.2
Summonings     | 1 2 |  2.2
Necromancy     | 1 2 |  2.2
Translocations | 1 2 |  2.2
Transmutations | 1 2 |  2.2
Fire Magic     | 1 2 |  2.2
Ice Magic      | 1 2 |  2.2
Air Magic      | 1 2 |  2.2
Earth Magic    | 1 2 |  2.2
Poison Magic   | 1 2 |  2.2
Short Blades   | 5 |  5.4
Dodging        | 5 |  5.4
Fighting       | 7 |  7.1

Action                   |  1- 3 |  4- 6 |  7- 9 || total
-------------------------+-------+-------+-------++-------
Melee: Short sword       |    89 |       |       ||    89
       Bite              |    10 |    22 |     7 ||    39
       Dagger            |    45 |   258 |   106 ||   409
       Punch             |     1 |     7 |     1 ||     9
  Use: Potion            |     1 |     6 |     2 ||     9
       Scroll            |     1 |     8 |     2 ||    11
 Stab: Sleeping          |    14 |     7 |       ||    21
       Distracted        |     1 |       |     1 ||     2
Armor: Leather armour    |    19 |    58 |    40 ||   117
Dodge: Dodged            |    74 |   119 |    83 ||   276
